 Dungeon Crawl Stone Soup version 0.19-a0-1815-g4007336 (webtiles) character file.

81 Ericaplier the Digger (level 4, -8/30 HPs)
             Began as a Formicid Earth Elementalist on Oct 5, 2016.
             Killed by divine providence
             ... invoked by an orc priest
              (12 damage)
             ... on level 3 of the Dungeon.
             The game lasted 00:14:18 (1980 turns).

Ericaplier the Digger (Formicid Earth Elementalist) Turns: 1980, Time: 00:14:19

Health: -8/30      AC:  6    Str: 11 (12) XL:     4   Next: 67%
Magic:  3/8        EV: 13    Int: 15 (16) God:
Gold:   96         SH:  0    Dex:  9 (11) Spells: 3 memorised, 3 levels left

rFire  . . .     SeeInvis +     i - +0 dagger (venom)
rCold  . . .     Gourm    .     b - +2 robe
rNeg   . . .     Faith    .     (no shield)
rPois  +         Spirit   .     (helmet unavailable)
rElec  .         Dismiss  .     (no cloak)
rCorr  .         Reflect  .     (no gloves)
MR     .....     Harm     .     (no boots)
Stlth  ++........               (no amulet)
                                h - +1 ring of evasion
                                g - ring of poison resistance (curse)

@: no status effects
A: permanent stasis, dig shafts and tunnels, four strong arms, antennae 3, icy
blue scales 1
a: Dig, Shaft Self


You were on level 3 of the Dungeon.
You were not hungry.

You visited 1 branch of the dungeon, and saw 3 of its levels.

You collected 96 gold pieces.

Inventory:

Hand Weapons
 i - a +0 dagger of venom (weapon)
Missiles
 e - 56 stones (quivered)
Armour
 b - a +2 robe (worn)
Jewellery
 d - an uncursed ring of magical power {unknown}
 g - a cursed ring of poison resistance (left hand)
 h - a +1 ring of evasion (right hand)
Potions
 a - a potion of heal wounds
Books
 c - a book of Geomancy

   Spells                             Type                      Level
   a - Sandblast                      Earth                        1
   b - Passwall                       Transmutation/Earth          2
   c - Stone Arrow                    Conjuration/Earth            3
   d - Petrify                        Transmutation/Earth          4
   e - Lee's Rapid Deconstruction     Earth                        5
Comestibles
 f - 2 meat rations
 j - a slice of pizza


   Skills:
 + Level 0.6 Throwing
 + Level 1.8 Dodging
 + Level 2.5 Stealth
 + Level 3.0 Spellcasting
 + Level 0.1 Conjurations
 + Level 1.1 Transmutations
 + Level 5.2 Earth Magic


You had 3 spell levels left.
You knew the following spells:

 Your Spells              Type           Power        Failure   Level  Hunger
a - Sandblast             Erth           ###...       1%          1    #......
b - Passwall              Tmut/Erth      ##........   12%         2    ##.....
c - Stone Arrow           Conj/Erth      ##....       24%         3    ###....


Dungeon Overview and Level Annotations

Branches:
Dungeon (3/15)

Altars:
Ashenzari


Innate Abilities, Weirdness & Mutations

You are under a permanent stasis effect.
You can dig through walls and to a lower floor.
Your four strong arms can wield two-handed weapons with a shield.
You have a pair of large antennae on your head. (SInv)
You are partially covered in icy blue scales. (AC +2)


Message History

You see here a stone.
You see here 2 tomahawks.
The orc priest hits you from afar with a spear.
An adder comes into view.
You see here a stone.
The adder moves out of view.
The orc priest hits you but does no damage.
You see here a stone.
e - 55 stones (gained 1)
The orc priest closely misses you.
The orc priest invokes the aid of Beogh against you.
Beogh smites you!
Ouch! That really hurt!
* * * LOW HITPOINT WARNING * * *
The adder hisses angrily.
You hear a shout! x2
You see here a stone.
e - 56 stones (gained 1)
The orc priest invokes the aid of Beogh against you.
Beogh smites you!
You die...

. .. ##... .
...... ...
####o.....
.....####(@..#
..(.....)<.#....#
......######
S.... ..... ....
..(. .#. ... ..
.. # .


You could see an orc priest and an adder.

Vanquished Creatures
  Jessica (D:2)
  2 adders (D:2)
  A dart slug (D:1)
  A leopard gecko (D:2)
  4 orcs (D:3)
  2 giant cockroaches (D:2)
  5 goblins
  2 hobgoblins (D:2)
  3 jackals (D:2)
  4 kobolds (D:1)
  A quokka (D:1)
  2 bats
  A rat (D:1)
29 creatures vanquished.

Notes
Turn   | Place    | Note
-------+----------+-------------------------------------------
     0 | D:1      | Ericaplier the Formicid Earth Elementalist began the quest for the Orb.
     0 | D:1      | Reached XP level 1. HP: 13/13 MP: 3/3
   125 | D:1      | Found a shattered altar of Ashenzari.
   354 | D:1      | Reached skill level 4 in Earth Magic
   416 | D:1      | Reached XP level 2. HP: 19/19 MP: 1/5
   424 | D:1      | Learned a level 2 spell: Passwall
  1127 | D:2      | Reached XP level 3. HP: 22/24 MP: 4/6
  1132 | D:2      | Learned a level 3 spell: Stone Arrow
  1217 | D:2      | Noticed Jessica
  1228 | D:2      | Killed Jessica
  1228 | D:2      | Reached skill level 5 in Earth Magic
  1228 | D:2      | Reached XP level 4. HP: 25/30 MP: 3/8
  1276 | D:2      | Found a faded altar of an unknown god.
  1379 | D:2      | Gained mutation: You are partially covered in icy blue scales. (AC +2) [potion of beneficial mutation]
  1980 | D:3      | Killed from afar by an orc priest

Vault maps used:
D:1:      dpeg_arrival_rhombi, evilmike_ruin_ashenzari
D:2:      ecumenical_altar_2, uniq_jessica
D:3:      first_bread, uniq_grinder

Skill      XL: |  1  2  3  4 |
---------------+-------------+-----
Earth Magic    | 4 5 |  5.2
Spellcasting   | 3 |  3.0
Throwing       | |  0.6
Dodging        | |  1.8
Stealth        | |  2.5
Conjurations   | |  0.1
Transmutations | |  1.1

Action                   |  1- 3 |  4- 6 || total
-------------------------+-------+-------++-------
Melee: Unarmed           |    23 |       ||    23
       Dagger            |       |    23 ||    23
Throw: Stone             |     7 |     4 ||    11
 Cast: Sandblast         |    24 |       ||    24
       Stone Arrow       |     1 |     9 ||    10
 Abil: Dig               |     4 |     2 ||     6
  Use: Scroll            |     6 |     3 ||     9
       Potion            |     3 |     5 ||     8
  Eat: Fruit             |     2 |       ||     2
       Bread ration      |     1 |       ||     1
Armor: Robe              |    20 |     9 ||    29
Dodge: Dodged            |    26 |    29 ||    55
